 Dungeon Crawl Stone Soup version 0.19.0 (webtiles) character file.

5670 TheGoonsmith the Artisan of Death (level 10, -7/76 HPs)
             Began as a Demonspawn Wizard on Nov 13, 2016.
             Was a Priest of Kikubaaqudgha.
             Mangled by a hill giant
             ... wielding a +0 giant club
              (39 damage)
             ... on level 10 of the Dungeon.
             The game lasted 00:30:09 (10399 turns).

TheGoonsmith the Artisan of Death (DsWz)           Turns: 10399, Time: 00:30:09

Health: -7/76      AC: 10    Str:  7    XL:     10   Next: 47%
Magic:  27/37      EV: 15    Int: 22    God:    Kikubaaqudgha [***...]
Gold:   558        SH:  0    Dex: 13    Spells: 7 memorised, 3 levels left

rFire  + . .     SeeInvis .     V - +2 whip (venom)
rCold  . . .     Gourm    .     L - +0 robe
rNeg   . . .     Faith    .     (no shield)
rPois  .         Spirit   .     u - +0 helmet
rElec  .         Reflect  .     e - +0 cloak
rCorr  .         Harm     .     K - +0 pair of gloves
MR     .....                    y - +0 pair of boots
Stlth  ++........               (no amulet)
                                m - ring of magical power
                                f - ring of magical power

@: very slightly contaminated, repel missiles
A: claws 2, molten scales 3, powered by death 1
a: Receive Corpses, Renounce Religion


You were on level 10 of the Dungeon.
You worshipped Kikubaaqudgha.
Kikubaaqudgha was most pleased with you.
You were not hungry.

You visited 2 branches of the dungeon, and saw 10 of its levels.

You collected 558 gold pieces.

Inventory:

Hand Weapons
 p - a +0 dagger
 t - a +1 mace
 x - a +0 dagger of freezing
 N - a +0 broad axe
 U - a +0 glaive
 V - a +2 whip of venom (weapon)
Missiles
 v - 14 tomahawks (quivered)
Armour
 e - a +0 cloak (worn)
 u - a +0 helmet (worn)
 y - a +0 pair of boots (worn)
 D - a -2 robe
 K - a +0 pair of gloves (worn)
 L - a +0 robe (worn)
Jewellery
 a - an uncursed amulet of faith {unknown}
 f - a ring of magical power (left hand)
 m - a ring of magical power (right hand)
 O - a +2 ring of strength
 S - a cursed ring of loudness {unknown}
Wands
 n - a wand of heal wounds (3/9)
 I - a wand of polymorph (16/24)
 Q - a wand of flame (28/48)
Scrolls
 k - 3 scrolls of fog
 r - 2 scrolls of identify
 s - 2 scrolls of amnesia
 G - a scroll of recharging
 M - 2 scrolls of fear
 T - a scroll of acquirement {unknown}
Potions
 b - a potion of mutation {unknown}
 g - 2 potions of cure mutation
 h - a potion of berserk rage
 j - a potion of might {unknown}
 l - a potion of flight {unknown}
 o - a potion of ambrosia {unknown}
 q - 2 potions of invisibility {unknown}
 A - a potion of curing {unknown}
 B - 2 potions of brilliance
 F - 2 potions of heal wounds {unknown}
 H - a potion of beneficial mutation {unknown}
 P - 3 potions of agility {unknown}
 W - a potion of degeneration {unknown}
Books
 c - a book of Minor Magic

   Spells                             Type                      Level
   a - Magic Dart                     Conjuration                  1
   b - Blink                          Translocation                2
   c - Call Imp                       Summoning                    2
   d - Repel Missiles                 Charms/Air                   2
   e - Slow                           Hexes                        2
   f - Conjure Flame                  Conjuration/Fire             3
   g - Mephitic Cloud                 Conjuration/Poison/Air       3
 E - Kikubaaqudgha's Reference Book on Unholy Secrets
   (Kikubaaqudgha gifted it to you on level 5 of the Dungeon)

   Spells                             Type                      Level
   a - Animate Skeleton               Necromancy                   1
   b - Corpse Rot                     Necromancy                   2
   c - Sublimation of Blood           Necromancy                   2
   d - Vampiric Draining              Necromancy                   3
   e - Control Undead                 Necromancy                   4
 R - Kikubaaqudgha's Collected Works on Sinister Rituals
   (Kikubaaqudgha gifted it to you on level 10 of the Dungeon)

   Spells                             Type                      Level
   a - Animate Dead                   Necromancy                   4
   b - Excruciating Wounds            Charms/Necromancy            5
   c - Bolt of Draining               Conjuration/Necromancy       5
   d - Cigotuvi's Embrace             Necromancy                   5
   e - Dispel Undead                  Necromancy                   5
Comestibles
 d - 8 bread rations
 i - 4 slices of pizza
 w - a beef jerky
 z - 6 meat rations
 C - 3 chunks of flesh
 J - 2 fruits


   Skills:
 + Level 5.6 Fighting
 - Level 5.6 Dodging
 - Level 1.7 Stealth
 - Level 6.0 Spellcasting
 - Level 6.4 Conjurations
 - Level 2.2 Charms
   Level 1.0 Summonings
 - Level 7.4 Necromancy
 - Level 4.2 Translocations
 - Level 2.2 Fire Magic
 - Level 2.3 Air Magic
 - Level 2.9 Poison Magic


You had 3 spell levels left.
You knew the following spells:

 Your Spells              Type           Power        Failure   Level  Hunger
a - Magic Dart            Conj           ####         1%          1    None
b - Control Undead        Necr           #####.....   4%          4    ###....
c - Conjure Flame         Conj/Fire      ####....     6%          3    #......
e - Blink                 Tloc           N/A          2%          2    None
r - Repel Missiles        Chrm/Air       ###...       8%          2    None
s - Vampiric Draining     Necr           #####.....   1%          3    #......
x - Mephitic Cloud        Conj/Pois/Air  ###.....     8%          3    #......


Dungeon Overview and Level Annotations

Branches:
Dungeon (8/15)             Temple (1/1) D:4            Lair (0/6) D:10

Altars:
Ashenzari
Cheibriados
Dithmenos
Elyvilon
Fedhas
Gozag
Hepliaklqana
Kikubaaqudgha
Makhleb
Nemelex Xobeh
Okawaru
Qazlal
Ru
Sif Muna
Trog
Uskayaw
Vehumet
Xom
Zin
The Shining One


Innate Abilities, Weirdness & Mutations

You have very sharp fingernails.
You are completely covered in molten scales. (AC +4, rF+)
You regenerate a little health from kills.


Message History

Press: ? - help, Shift-Dir - straight line, f - hill giant
Aim: a hill giant, wielding a giant club (noxious fumes)
The ball explodes into a vile cloud!
The stinking cloud engulfs the hill giant.
The hill giant is engulfed in noxious fumes.
You hit the hill giant.
The hill giant is poisoned.
The hill giant is lightly wounded.
The hill giant is engulfed in roaring flames.
The hill giant hits you with a giant club.
You hit the hill giant but do no damage.
The hill giant looks as sick as possible!
The hill giant is moderately wounded.
The hill giant is engulfed in roaring flames.
The hill giant hits you with a giant club!!
You hit the hill giant.
The hill giant is heavily wounded.
The hill giant hits you with a giant club!!!
Ouch! That really hurt!
You die...
Kikubaaqudgha rasps: "You have failed me!
Welcome... death!"

....#....PPP#.......#
....#....PPP#.......#
........PPPP#.......#
<.......PPPP#.......#
+##....PPlPP#.......#
##..PP...P#.......#
#.PPP.>.P######.##
#####PPPP..P#####..#
....#..PPPPP##.C@.##
...<##PPPPP# #'####
....## #.......#
.....# ......t..#
.....# #..........#
.....# .'........h.#
.....##..#......(...#
.....'..##..........#
.....#####........C.#


You could see a hill giant.

Vanquished Creatures
  Pikel (D:8)
  The ghost of coggelsworth the Chucker, a novice OgHu (D:5)
  A two-headed ogre (D:10)
  2 hippogriffs
  Grum (D:10)
  A hungry ghost (D:7)
  2 slaves (D:8)
  A black bear (D:10)
  3 orc warriors
  2 ice beasts
  A phantom (D:6)
  6 ogres
  2 wolves (D:10)
  3 centaurs (D:7)
  A crocodile (D:10)
  A big kobold (D:8)
  4 bullfrogs
  2 gnoll sergeants
  4 scorpions
  8 wights
  The ghost of coolpanthro the Shooter, a weakling HEHu (D:3)
  2 howler monkeys
  5 crimson imps
  A bullfrog zombie (D:10)
  A centaur zombie (D:8)
  2 orc priests (D:7)
  3 centaur skeletons
  7 hounds
  3 jellies
  6 orc wizards
  A bullfrog skeleton (D:4)
  Jessica (D:3)
  3 iguanas
  8 worker ants
  A hound zombie (D:4)
  A worker ant zombie (D:5)
  Robin (D:3)
  4 adders
  14 gnolls
  4 shadow imps
  An ooze (D:6)
  An adder zombie (D:5)
  An adder skeleton (D:5)
  3 worms
  2 dart slugs (D:1)
  6 leopard geckos
  15 orcs
  3 ball pythons
  6 bats
  8 giant cockroaches
  11 goblins
  15 hobgoblins
  4 jackals (D:2)
  3 quokkas
  3 frilled lizards
  A jackal skeleton (D:8)
  14 kobolds
  2 quokka skeletons (D:4)
  8 rats
223 creatures vanquished.

Vanquished Creatures (others)
  3 plants (D:10)
3 creatures vanquished.

Grand Total: 226 creatures vanquished

Notes
Turn   | Place    | Note
-------+----------+-------------------------------------------
     0 | D:1      | TheGoonsmith the Demonspawn Wizard began the quest for the Orb.
     0 | D:1      | Reached XP level 1. HP: 13/13 MP: 4/4
   353 | D:1      | Gained mutation: You are partially covered in molten scales. (AC +2) [demonic ancestry]
   353 | D:1      | Reached XP level 2. HP: 19/19 MP: 3/6
  1069 | D:2      | Gained mutation: You have sharp fingernails. [demonic ancestry]
  1069 | D:2      | Reached XP level 3. HP: 24/24 MP: 2/7
  1348 | D:2      | Learned a level 3 spell: Mephitic Cloud
  1352 | D:2      | Learned a level 3 spell: Conjure Flame
  2580 | D:3      | Noticed Robin
  2598 | D:3      | Killed Robin
  2598 | D:3      | Gained mutation: You are mostly covered in molten scales. (AC +3) [demonic ancestry]
  2598 | D:3      | Reached XP level 4. HP: 30/30 MP: 8/9
  2859 | D:3      | Noticed Jessica
  2862 | D:3      | Killed Jessica
  3051 | D:3      | Found a faded altar of an unknown god.
  3260 | D:3      | Noticed coolpanthro's ghost (weakling HEHu)
  3274 | D:3      | Killed coolpanthro's ghost
  3274 | D:3      | Gained mutation: You have very sharp fingernails. [demonic ancestry]
  3274 | D:3      | Reached XP level 5. HP: 35/35 MP: 10/10
  3601 | D:4      | Learned a level 2 spell: Repel Missiles
  3708 | D:4      | Found a sparkling altar of Nemelex Xobeh.
  3884 | D:4      | Noticed an ogre
  3890 | D:4      | Killed an ogre
  3890 | D:4      | Reached skill level 5 in Conjurations
  3890 | D:4      | Gained mutation: You regenerate a little health from kills. [demonic ancestry]
  3890 | D:4      | Reached XP level 6. HP: 37/41 MP: 12/12
  3989 | D:4      | Found a staircase to the Ecumenical Temple.
  3998 | Temple   | Entered the Ecumenical Temple
  4179 | Temple   | Became a worshipper of Kikubaaqudgha
  4412 | D:4      | Gained mutation: You are completely covered in molten scales. (AC +4, rF+) [demonic ancestry]
  4412 | D:4      | Reached XP level 7. HP: 38/46 MP: 14/14
  4744 | D:5      | Entered Level 5 of the Dungeon
  4826 | D:5      | Noticed coggelsworth's ghost (novice OgHu)
  4828 | D:5      | Reached skill level 5 in Spellcasting
  4828 | D:5      | Reached skill level 1 in Fire Magic
  4828 | D:5      | Reached skill level 1 in Poison Magic
  4842 | D:5      | Killed coggelsworth's ghost
  4842 | D:5      | Reached skill level 1 in Charms
  4842 | D:5      | Reached skill level 1 in Air Magic
  4842 | D:5      | Reached XP level 8. HP: 52/52 MP: 16/16
  5285 | D:5      | Found a deep blue altar of Sif Muna.
  5351 | D:5      | Reached * piety under Kikubaaqudgha
  5351 | D:5      | Identified Kikubaaqudgha's Reference Book on Unholy Secrets (Kikubaaqudgha gifted it to you on level 5 of the Dungeon)
  5351 | D:5      | Received a gift from Kikubaaqudgha
  5357 | D:5      | Learned a level 3 spell: Vampiric Draining
  5964 | D:6      | Learned a level 2 spell: Blink
  6099 | D:6      | Reached skill level 1 in Fighting
  6696 | D:6      | Learned a level 4 spell: Control Undead
  6717 | D:6      | Reached skill level 1 in Necromancy
  6967 | D:6      | Reached skill level 2 in Necromancy
  7097 | D:6      | Reached XP level 9. HP: 60/61 MP: 18/18
  7233 | D:7      | Reached skill level 5 in Dodging
  7545 | D:7      | Reached skill level 3 in Necromancy
  7549 | D:7      | Reached ** piety under Kikubaaqudgha
  7701 | D:7      | Reached skill level 4 in Necromancy
  7850 | D:7      | Reached skill level 5 in Necromancy
  7951 | D:7      | Reached skill level 1 in Translocations
  9030 | D:8      | Found a shadowy altar of Dithmenos.
  9098 | D:8      | Noticed Pikel
  9117 | D:8      | Killed Pikel
  9117 | D:8      | Reached skill level 6 in Necromancy
  9117 | D:8      | Reached XP level 10. HP: 36/67 MP: 19/19
  9312 | D:8      | You fall through a shaft for 2 floors!
  9312 | D:10     | Entered Level 10 of the Dungeon
  9320 | D:10     | Reached *** piety under Kikubaaqudgha
  9320 | D:10     | Identified Kikubaaqudgha's Collected Works on Sinister Rituals (Kikubaaqudgha gifted it to you on level 10 of the Dungeon)
  9320 | D:10     | Received a gift from Kikubaaqudgha
  9336 | D:10     | Noticed Grum
  9362 | D:10     | Reached skill level 7 in Necromancy
 10204 | D:10     | Killed Grum
 10204 | D:10     | Reached skill level 5 in Fighting
 10354 | D:10     | Found a staircase to the Lair.
 10384 | D:10     | Noticed a hill giant
 10399 | D:10     | Mangled by a hill giant

Skill      XL: |  1  2  3  4  5  6  7  8  9 10 |
---------------+-------------------------------+-----
Conjurations   | 2 3 4 5 6 |  6.4
Spellcasting   | 4 5 6 |  6.0
Fire Magic     | 2 |  2.2
Poison Magic   | 2 |  2.9
Charms         | 1 2 |  2.2
Air Magic      | 1 2 |  2.3
Dodging        | 4 5 |  5.6
Fighting       | 2 5 |  5.6
Necromancy     | 2 6 7 |  7.4
Translocations | 4 |  4.2
Stealth        | |  1.7
Summonings     | |  1.0

Action                   |  1- 3 |  4- 6 |  7- 9 | 10-12 || total
-------------------------+-------+-------+-------+-------++-------
Melee: Unarmed           |     6 |       |       |       ||     6
       Dagger            |     8 |       |       |       ||     8
       Mace              |     2 |     4 |    13 |       ||    19
       Broad axe         |       |       |    95 |    20 ||   115
       Glaive            |       |       |       |    53 ||    53
       Whip              |       |       |       |     8 ||     8
 Cast: Magic Dart        |   120 |    95 |   413 |   106 ||   734
       Conjure Flame     |     1 |     7 |    22 |    14 ||    44
       Mephitic Cloud    |     1 |     3 |    23 |    13 ||    40
       Repel Missiles    |       |       |     2 |       ||     2
       Blink             |       |       |     3 |     6 ||     9
  Use: Scroll            |     3 |     3 |     7 |     2 ||    15
       Potion            |       |       |     1 |       ||     1
 Stab: Confused          |       |       |     7 |     2 ||     9
       Sleeping          |       |       |     1 |       ||     1
  Eat: Chunk             |     5 |     5 |    17 |     5 ||    32
       Beef jerky        |       |       |     1 |       ||     1
Armor: Robe              |    12 |     3 |    71 |    18 ||   104
Dodge: Dodged            |    26 |    14 |   172 |    36 ||   248
       Deflected         |       |       |     5 |     1 ||     6
